 Dungeon Crawl Stone Soup version 0.25-a0-265-g7af84ae0ac (webtiles) character file.

Game seed: 4124261375965841797, levelgen mode: deterministic

5 Redear the Skirmisher (level 1, -2/16 HPs)
             Began as an Octopode Chaos Knight on Dec 8, 2019.
             Was a Plaything of Xom.
             Slain by a jackal (3 damage)
             ... on level 1 of the Dungeon.
             The game lasted 00:00:10 (58 turns).

Redear the Skirmisher (Octopode Chaos Knight)         Turns: 58, Time: 00:00:11

Health: -2/16      AC:  1    Str: 11    XL:     1   Next: 80%
Magic:  1/1        EV: 13    Int: 14    God:    Xom [..*...]
Gold:   0          SH:  0    Dex: 11    Spells: 0/0 levels left

rFire    . . .     SeeInvis .   a - +0 falchion (chaos)
rCold    . . .     Gourm    .   (no shield)
rNeg     . . .     Faith    .   (helmet restricted)
rPois    .         Spirit   .   (no amulet)
rElec    .         Reflect  .   (no ring)
rCorr    .         Harm     .   (no ring)
MR       .....                  (no ring)
Stlth    ++........             (no ring)
HPRegen  0.05/turn              (no ring)
MPRegen  0.07/turn              (no ring)
                                (no ring)
                                (no ring)

@: no status effects
A: almost no armour, stealthy swim, amphibious, 8 rings, constrict 8, camouflage
1, gelatinous body 1
a: Renounce Religion


You were on level 1 of the Dungeon.
You worshipped Xom.
You were a toy of Xom.
You were not hungry.

You visited 1 branch of the dungeon, and saw 1 of its levels.

Inventory:

Hand Weapons
 a - a +0 falchion of chaos (weapon)
Comestibles
 z - a ration


   Skills:
 + Level 3.1 Fighting
 + Level 3.1 Long Blades
 + Level 2.4 Dodging
 + Level 0.7 Stealth


You couldn't memorise any spells.
You didn't know any spells.
Your spell library was empty.

Dungeon Overview and Level Annotations

Branches:
Dungeon (1/15)

Altars:


Innate Abilities, Weirdness & Mutations

You cannot wear most types of armour.
You are very stealthy in the water. (Stealth+)
You are amphibious.
You can wear up to eight rings at the same time.
You can use your tentacles to constrict eight enemies at once.
Your skin changes colour to match your surroundings (Stealth+).
Your rubbery body absorbs attacks. (AC +1, EV +1)


Message History

You riposte.
You closely miss the jackal. Your grab misses the jackal.
The jackal misses you.
You riposte.
You hit the jackal. You freeze the jackal. You grab the jackal.
The jackal is almost dead.
The jackal bites you.
* * * LOW HITPOINT WARNING * * *
You take 2 damage, and have 3/16 hp.
You release your grip on the jackal.
The jackal barely misses you.
You riposte.
You hit the jackal. You freeze the jackal. You grab the jackal.
The jackal is severely wounded.
The jackal bites you.
* * * LOW HITPOINT WARNING * * *
You take 1 damage, and have 2/16 hp.
You release your grip on the jackal.
The jackal misses you. The jackal bites you.
* * * LOW HITPOINT WARNING * * *
You take 1 damage, and have 1/16 hp.
Unknown command.
The jackal closely misses you. The jackal bites you.
You die...

####.......##......).
...........##........
.....................
..........###....>...
.≈≈≈...†..##.........
≈≈8≈≈......#...%......
######.....#.>....... #.#
.#.....hh.#.[b...... ..#
........h@##..####.###...
....)...h#...........##..
#.....................#.#
..##.#..#......#......#.#
.. #.#..#......#......#.#
#.#..#.....###.....#.#.
.........# #.........
.........## ##........
########'#####'#######


You could see 4 jackals.

Vanquished Creatures
  A dart slug (D:1)
  A leopard gecko (D:1)
  A bat (D:1)
3 creatures vanquished.

Notes
Turn   | Place    | Note
-------+----------+-------------------------------------------
     0 | D:1      | Redear the Octopode Chaos Knight began the quest for the
                  | Orb.
     0 | D:1      | Reached XP level 1. HP: 16/16 MP: 1/1
    33 | D:1      | XOM: butterfly on damage
    48 | D:1      | XOM: silly message
    57 | D:1      | HP: 1/16 [jackal (1)]
    58 | D:1      | Slain by a jackal

Levels and vault maps discovered:
D:1:      onia_arrival_pentagram, layout_rooms, moated_statue,
          hangedman_decor_growths

Action                   || total
-------------------------++-------
Melee: Falchion          ||    11
       Constrict         ||     5
       Tentacles         ||     1
 Stab: Paralysed         ||     1
Armor: Skin              ||     6
Dodge: Dodged            ||    14
       Rpst.: Falchion   ||     4

Table legend:
 A = Non-vault XP
 B = Vault XP
 C = Vault XP percentage of total XP
 D = Non-vault monster count
 E = Vault monster count
 F = Vault count percentage of total count
                 A         B        C        D         E       F
            +---------+---------+-------+---------+---------+-------
      Total |       8 |       0 |   0.0 |       3 |       0 |   0.0
            +---------+---------+-------+---------+---------+-------
        D:1 |       8 |       0 |   0.0 |       3 |       0 |   0.0
            +---------+---------+-------+---------+---------+-------
